 Dungeon Crawl Stone Soup version 0.18-a0-1196-g09327cf (webtiles) character file.

1187 George the Carver (level 8, -1/68 HPs)
             Began as a Minotaur Fighter on Jan 29, 2016.
             Was a Follower of the Shining One.
             Slain by Duvessa
             ... wielding a +0 short sword
              (9 damage)
             ... on level 6 of the Dungeon.
             The game lasted 00:09:46 (5225 turns).

George the Carver (Minotaur Fighter)                Turns: 5225, Time: 00:09:47

Health: -1/68      AC:  9    Str: 28    XL:     8   Next: 19%
Magic:  9/9        EV:  6    Int:  5    God:    the Shining One [*.....]
Gold:   247        SH: 10    Dex: 10    Spells: 0 memorised, 7 levels left

rFire  . . .     SeeInvis .     y - +0 scimitar
rCold  . . .     Gourm    .     G - +0 chain mail
rNeg   . . .     Faith    .     c - +0 shield
rPois  .         Spirit   .     (helmet restricted)
rElec  .         Dismiss  .     (no cloak)
rCorr  .         Reflect  .     (no gloves)
SustAt .         Harm     .     (no boots)
MR     .....                    (no amulet)
Stlth  ..........               (no ring)
                                u - ring of flight

@: mighty, glowing, not resistant to hostile enchantments, extremely unstealthy
A: retaliatory headbutt, horns 2
a: Renounce Religion, Evoke Flight


You were on level 6 of the Dungeon.
You worshipped the Shining One.
The Shining One was aware of your devotion.
You were not hungry.

You visited 2 branches of the dungeon, and saw 7 of its levels.

You collected 247 gold pieces.

Inventory:

Hand Weapons
 o - a +0 short sword of holy wrath
 y - a +0 scimitar (weapon)
Armour
 c - a +0 shield (worn)
 G - a +0 chain mail (worn)
Jewellery
 u - a ring of flight (left hand)
Wands
 A - a wand of disintegration (4/24)
 E - a wand of digging (16/24)
 J - a wand of heal wounds (2/9)
Scrolls
 g - 6 scrolls of identify {unknown}
 h - 2 scrolls of enchant weapon {unknown}
 l - 7 scrolls of remove curse {unknown}
 v - 2 scrolls of teleportation {unknown}
 w - a scroll of fog {unknown}
 C - a scroll of immolation {unknown}
 K - 2 scrolls of amnesia {unknown}
 M - 2 scrolls of magic mapping {unknown}
Potions
 d - 2 potions of might
 k - a potion of cure mutation {unknown}
 m - 3 potions of curing {unknown}
 n - a potion of heal wounds {unknown}
 p - a potion of flight {unknown}
 s - 3 potions of haste {unknown}
 t - 4 potions of agility {unknown}
 D - 3 potions of poison {unknown}
 H - a potion of ambrosia {unknown}
 I - a potion of mutation {unknown}
Books
 B - a book of Fire

   Spells                             Type                      Level
   a - Ignite Poison                  Fire/Transmutation/Poison    3
   b - Fireball                       Conjuration/Fire             5
   c - Bolt of Fire                   Conjuration/Fire             6
   d - Delayed Fireball               Conjuration/Fire             7
   e - Ring of Flames                 Charms/Fire                  7
Comestibles
 f - 4 bread rations
 j - 3 meat rations
 q - 3 slices of pizza
 L - 4 chunks of flesh


   Skills:
 + Level 5.0 Fighting
 + Level 9.6 Long Blades
 + Level 4.8 Armour
 + Level 5.1 Shields
 + Level 2.7 Invocations


You had 7 spell levels left.
You didn't know any spells.

Dungeon Overview and Level Annotations

Branches:
Dungeon (6/15)             Temple (1/1) D:4

Altars:
Ashenzari
Cheibriados
Dithmenos
Elyvilon
Fedhas
Gozag
Kikubaaqudgha
Makhleb
Nemelex Xobeh
Okawaru
Pakellas
Qazlal
Sif Muna
Trog
Vehumet
Xom
Yredelemnul
Zin
The Shining One

Shops:
D:4 }

Annotations:
D:6 Duvessa


Innate Abilities, Weirdness & Mutations

You reflexively headbutt those who attack you in melee.
You have a pair of horns on your head.


Message History

* * * LOW HITPOINT WARNING * * *
Duvessa hits you with a short sword.
* * * LOW HITPOINT WARNING * * *
Drink which item? (? for menu, Esc to quit)
Okay, then.
Evoke which item? (* to show all) (? for menu, Esc to quit)
Zapping:
J - a wand of heal wounds (will waste charges)
Press: ? - help, Shift-Dir - straight line, f - you You feel much better.
Evoking this partially-identified wand wasted a few charges.
Duvessa hits you with a short sword!
* * * LOW HITPOINT WARNING * * *
You barely miss Duvessa.
Duvessa is heavily wounded.
Duvessa hits you with a short sword!
* * * LOW HITPOINT WARNING * * *
You barely miss Duvessa.
Duvessa is heavily wounded.
Duvessa hits you with a short sword!
You die...

##'####......#.#
#.......####.#.#
####..............#
#..'......#####.###
#.##......# #.#
#.##......# #.#
#.#############.###
#.# ..........# #.#
.....$..@.# #.#
.......)e.# #.#
..........# #.#
..........# #.#
....[.....# #.#
..........# #.#
.........# .>#
.........# #.#
......$..#


You could see Duvessa (berserk).

Vanquished Creatures
  A black bear (D:6)
  A sky beast (D:5)
  A phantom (D:5)
  Dowan (D:6)
  A crimson imp (D:6)
  A giant frog zombie (D:5)
  3 orc priests
  3 hounds
  2 giant frog skeletons
  2 orc wizards (D:6)
  Ijyb (D:3)
  2 iguanas
  3 worker ants
  A hound skeleton (D:4)
  A worker ant zombie (D:6)
  Robin (D:3)
  8 gnolls
  10 adders
  An ooze (D:3)
  An adder skeleton (D:5)
  2 worms (D:2)
  4 giant geckos
  17 orcs
  7 bats
  6 giant cockroaches
  13 goblins
  10 hobgoblins
  13 jackals
  9 kobolds
  2 quokkas
  A ball python (D:2)
  5 giant newts
  2 gnoll zombies (D:2)
  A jackal skeleton (D:6)
  2 quokka skeletons
  2 quokka zombies (D:6)
  11 rats
152 creatures vanquished.

Vanquished Creatures (others)
  A tengu reaver (D:4)
1 creature vanquished.

Grand Total: 153 creatures vanquished

Notes
Turn   | Place    | Note
--------------------------------------------------------------
     0 | D:1      | George the Minotaur Fighter began the quest for the Orb.
     0 | D:1      | Reached XP level 1. HP: 19/19 MP: 0/0
   135 | D:1      | Reached XP level 2. HP: 21/26 MP: 1/1
   535 | D:1      | Reached skill level 4 in Long Blades
   557 | D:1      | Reached XP level 3. HP: 9/31 MP: 2/2
  1303 | D:2      | Reached skill level 5 in Long Blades
  1333 | D:2      | Reached XP level 4. HP: 32/39 MP: 3/3
  1377 | D:2      | Found an ancient bone altar of Kikubaaqudgha.
  1379 | D:2      | Found a shadowy altar of Dithmenos.
  1383 | D:2      | Found a white marble altar of Elyvilon.
  1383 | D:2      | Found a deep blue altar of Sif Muna.
  1383 | D:2      | Found a stormy altar of Qazlal.
  1557 | D:2      | Found a basalt altar of Yredelemnul.
  1970 | D:2      | Reached skill level 6 in Long Blades
  1981 | D:2      | Reached XP level 5. HP: 23/45 MP: 4/4
  2632 | D:3      | Reached skill level 7 in Long Blades
  2986 | D:3      | Reached XP level 6. HP: 21/51 MP: 5/5
  3214 | D:3      | Noticed Ijyb
  3221 | D:3      | Killed Ijyb
  3223 | D:3      | Reached skill level 8 in Long Blades
  3327 | D:3      | Found a faded altar to an unknown god.
  3344 | D:3      | Noticed Robin
  3349 | D:3      | Killed Robin
  3596 | D:4      | Found a staircase to the Ecumenical Temple.
  3633 | Temple   | Entered the Ecumenical Temple
  3637 | Temple   | Became a worshipper of the Shining One
  3820 | D:4      | Reached skill level 9 in Long Blades
  3862 | D:4      | Found an oddly glowing altar of Pakellas.
  3863 | D:4      | Noticed a tengu reaver
  3873 | D:4      | Killed a tengu reaver
  3906 | D:4      | Found Hipp's Gadget Emporium.
  3958 | D:4      | Reached XP level 7. HP: 54/58 MP: 6/6
  4043 | D:5      | Entered Level 5 of the Dungeon
  4134 | D:5      | Reached skill level 1 in Invocations
  4554 | D:5      | Reached * piety under the Shining One
  4902 | D:6      | Reached XP level 8. HP: 67/67 MP: 8/8
  5103 | D:6      | Reached skill level 5 in Shields
  5143 | D:6      | Reached skill level 5 in Fighting
  5206 | D:6      | Noticed Dowan
  5207 | D:6      | Noticed Duvessa
  5216 | D:6      | Killed Dowan
  5222 | D:6      | HP: 2/68 [Duvessa/short sword (3)]
  5225 | D:6      | Slain by Duvessa

Vault maps used:
D:1:      sevenhm_arrival_forest_fort_large_2, fountainhead
D:2:      lemuel_zombie_altar_yredelemnul, grunt_temple_overflow_open,
          serial_co_window_serial, co_window_corner_a, co_window_paths_b,
          co_window_paths_b, co_window_corner_a, co_window_paths_a,
          co_window_corner_cb, co_window_corner_ca, co_window_broadway_b,
          co_window_broadway_c, co_window_broadway_a, glass_columns_a,
          glass_columns_b, glass_columns_b, glass_columns_b
D:3:      first_bread, ecumenical_altar_1, uniq_iyjb, uniq_robin
D:4:      serial_shops, shop, gammafunk_pakellas_spire_experiment
D:5:      hangedman_decor_riveting
D:6:      hangedman_decor_push, minivault_14, lightli_minifort, uniq_duvessa
Temple:   minmay_freezing_vapour_temple_12

Action                   |  1- 3 |  4- 6 |  7- 9 || total
-------------------------+-------+-------+-------++-------
Melee: Long sword        |   104 |   140 |       ||   244
       Scimitar          |       |   101 |   114 ||   215
Evoke: Wand              |       |       |     1 ||     1
  Use: Potion            |     1 |       |     1 ||     2
  Eat: Chunk             |     1 |     9 |     4 ||    14
